 Dungeon Crawl Stone Soup version 0.19-a0-1365-gb34f4cb (webtiles) character file.

74 epen the Cutter (level 4, -4/46 HPs)
             Began as a Halfling Monk on Sept 2, 2016.
             Slain by Natasha (6 damage)
             ... on level 2 of the Dungeon.
             The game lasted 00:02:01 (1608 turns).

epen the Cutter (Halfling Monk)                     Turns: 1608, Time: 00:02:02

Health: -4/46      AC: 22    Str: 12    XL:     4   Next: 54%
Magic:  4/4        EV:  3    Int:  9    God:
Gold:   104        SH:  0    Dex: 16    Spells: 0 memorised, 3 levels left

rFire  . . .     SeeInvis .     a - +0 short sword
rCold  . . .     Gourm    .     (armour currently unavailable)
rNeg   + + +     Faith    .     (shield restricted)
rPois  +         Spirit   .     (helmet currently unavailable)
rElec  .         Dismiss  .     (cloak currently unavailable)
rCorr  .         Reflect  .     (gloves currently unavailable)
MR     .....     Harm     .     (boots currently unavailable)
Stlth  +++....... NoTele   +    (no amulet)
                                (no ring)
                                (no ring)

@: tree-form, slowed, very slow
A: mutation resistance 1
a: no special abilities


You were on level 2 of the Dungeon.
You were very hungry.
You were a tree.
You visited 1 branch of the dungeon, and saw 2 of its levels.

You collected 104 gold pieces.

Inventory:

Hand Weapons
 a - a +0 short sword (weapon)
Armour
 b - a +0 robe
 j - a +0 scale mail (melded)
Scrolls
 f - a scroll of random uselessness {unknown}
 g - a scroll of enchant armour {unknown}
 h - a scroll of recharging {unknown}
 k - a scroll of remove curse {unknown}
 l - a scroll of enchant weapon {unknown}
 m - a scroll of blinking {unknown}
 n - a scroll of immolation {unknown}
 p - a scroll of identify {unknown}
Potions
 i - a potion of agility {unknown}
 o - a potion of curing {unknown}
Comestibles
 c - 6 bread rations
 d - 3 meat rations


   Skills:
 + Level 3.1 Fighting
 * Level 4.9 Short Blades
 * Level 1.9 Armour
 + Level 3.4 Dodging
 + Level 2.9 Stealth


You had 3 spell levels left.
You didn't know any spells.

Dungeon Overview and Level Annotations

Branches:
Dungeon (2/15)

Altars:
Cheibriados
Nemelex Xobeh

Annotations:
D:2 Natasha


Innate Abilities, Weirdness & Mutations

You are small and have problems with some larger weapons.
You are somewhat resistant to further mutation.


Message History

The white imp hits you but does no damage.
Natasha claws you but does no damage.
The white imp hits you but does no damage.
You hit Natasha.
Natasha is severely wounded.
Natasha claws you but does no damage.
The crimson imp blinks!
The white imp hits you but does no damage.
Natasha claws you.
* * * LOW HITPOINT WARNING * * *
Unknown command.
You hit Natasha.
Natasha is almost dead.
The crimson imp shouts, "Accept thy fall, thou puny ruttish crunch-chow!"
The white imp sputters.
The white imp hits you.
* * * LOW HITPOINT WARNING * * *
The white imp freezes you.
* * * LOW HITPOINT WARNING * * *
Natasha claws you.
You die...

######## #########......#
.............#.#
.........<.#.#.#
.........###.#.############
####......>.....÷.........
#.#.#....#.############ #
#.##..##.# ########..
########+#.§.♣.##.# #.....##..
#...........h5.##.###.....##..
#...................'.....'..÷
#...........#.###.###.....##..
#...........#.###.# #.....##..
#...........#5.)..# ##########
#................##
#................#
##########....(..#


You could see Natasha, a crimson imp and a white imp.

Vanquished Creatures
  Natasha (D:2)
  An adder (D:2)
  An ooze (D:1)
  A worm (D:2)
  A giant gecko (D:1)
  A ball python (D:2)
  7 bats
  A giant cockroach (D:2)
  7 goblins
  3 hobgoblins (D:1)
  A quokka (D:2)
  3 giant newts (D:1)
  5 kobolds
  A rat (D:1)
34 creatures vanquished.

Notes
Turn   | Place    | Note
-------+----------+-------------------------------------------
     0 | D:1      | epen the Halfling Monk began the quest for the Orb.
     0 | D:1      | Reached XP level 1. HP: 15/15 MP: 1/1
   310 | D:1      | Reached XP level 2. HP: 16/20 MP: 2/2
   571 | D:1      | Reached skill level 1 in Armour
   795 | D:1      | Found a snail-covered altar of Cheibriados.
   796 | D:1      | Found a sparkling altar of Nemelex Xobeh.
   801 | D:1      | Reached XP level 3. HP: 24/25 MP: 3/3
  1373 | D:2      | Noticed Natasha
  1384 | D:2      | Killed Natasha
  1384 | D:2      | Reached XP level 4. HP: 17/31 MP: 4/4
  1589 | D:2      | Noticed Natasha
  1608 | D:2      | HP: 2/46 [white imp[Natasha] (2)]
  1608 | D:2      | Slain by Natasha

Vault maps used:
D:1:      erik_arrival_cave_to_civilisation
D:2:      first_bread, uniq_natasha

Skill      XL: |  1  2  3 |
---------------+----------+-----
Armour         | 1 |  1.9
Fighting       | 3 |  3.1
Short Blades   | |  4.9
Dodging        | |  3.4
Stealth        | |  2.9

Action                   |  1- 3 |  4- 6 || total
-------------------------+-------+-------++-------
Melee: Short sword       |   112 |    30 ||   142
  Use: Potion            |       |     1 ||     1
 Stab: Sleeping          |     5 |       ||     5
       Distracted        |     1 |       ||     1
  Eat: Chunk             |     1 |       ||     1
Armor: Robe              |    10 |       ||    10
       Scale mail        |    10 |    10 ||    20
       Skin              |       |     7 ||     7
Dodge: Dodged            |    98 |    19 ||   117
